 Dungeon Crawl Stone Soup version 0.31-a0-981-geadf994542 (webtiles) character file.

Game seed: 5056682169415084889

258 AceOff the Shield-Bearer (level 6, 0/48 HPs)
             Began as a Formicid Fighter on Oct 31, 2023.
             Slain by a +1 dire flail of speed (13 damage)
             ... created by the rancor of the Wu Jian Council
             ... on level 3 of the Dungeon.
             The game lasted 00:03:39 (2006 turns).

AceOff the Shield-Bearer (Formicid Fighter)         Turns: 2006, Time: 00:03:40

Health: 0/48       AC:  0    Str: 22    XL:     6   Next: 40%
Magic:  6/6        EV: 10    Int:  8    God:
Gold:   65         SH:  5    Dex: 13    Spells: 5/5 levels left

rFire   . . .        a - +0 war axe
rCold   . . .        c - +0 buckler
rNeg    . . .        b - +0 scale mail
rPois   .            (helmet unavailable)
rElec   .            (no cloak)
rCorr   .            (no gloves)
SInv    +            (no boots)
Will    .....        (no amulet) Stlth
                     k - ring of flight
HPRegen 0.28/turn    (no ring)
MPRegen 0.10/turn

%: no passive effects
@: corroded, flying
A: permanent stasis, dig shafts and tunnels, antennae 3, four strong arms
a: Dig, Shaft Self


You were on level 3 of the Dungeon.
You visited 1 branch of the dungeon, and saw 3 of its levels.

You collected 65 gold pieces.

Inventory:

Hand Weapons
 a - a +0 war axe (weapon)
Armour
 b - a +0 scale mail (worn)
 c - a +0 buckler (worn)
Jewellery
 k - a ring of flight (left hand)
 p - a ring of wizardry
Scrolls
 f - a scroll of immolation {unknown}
 g - 2 scrolls of brand weapon {unknown}
 i - a scroll of torment {unknown}
 j - a scroll of vulnerability {unknown}
 l - a scroll of fog {unknown}
 n - a scroll of revelation {unknown}
Potions
 d - a potion of might
 h - 2 potions of magic {unknown}
 m - 2 potions of heal wounds {unknown}
 o - a potion of cancellation {unknown}
 q - 2 potions of berserk rage {unknown}
 r - a potion of brilliance {unknown}


   Skills:
 + Level 4.0 Fighting
 + Level 4.1 Axes
 + Level 4.7 Armour
 + Level 1.3 Dodging
 + Level 4.8 Shields


You had 5 spell levels left.
You didn't know any spells.
Your spell library contained the following spells:

 Spells                   Type           Power      Damage    Failure   Level
 Ensorcelled Hibernation  Hex/Ice        0%         N/A       89%         2
 Jinxbite                 Hex            0%         N/A       89%         2
 Anguish                  Hex/Necr       0%         N/A       100%        4


Dungeon Overview and Level Annotations

Branches:
Dungeon (3/15)

Altars:
Elyvilon
Wu Jian


Innate Abilities, Weirdness & Mutations

You cannot be hasted, slowed, berserked, paralysed or teleported.
You can dig through walls and to a lower floor.
You have a pair of large antennae on your head. (SInv)
Your four strong arms can wield two-handed weapons with a shield.


Message History

You feel sick.
You are no longer poisoned.
HP restored.
You see here an adder corpse.
An adder comes into view.
The adder hisses angrily.
You block the adder's attack.
You slash the adder!
You kill the adder!
No target in view!
No target in view!
No target in view!
No target in view!
No target in view!
No target in view!
No target in view!
No target in view!
No target in view!
No target in view!
No target in view!
No target in view!
r - a murky green potion Sifu Xiang Ba says: Suffer, mortal!
The rancor of the Wu Jian Council corrodes you!
The divine experience confuses you!
You are confused.
A +3 dire flail of speed, a +0 rapier of freezing, a +1 heavy broad axe and 2 +1 dire flails of speed come into view.
There is a +1 dire flail of speed.
There is a +1 dire flail of speed.
Okay, then.
You hit the +3 dire flail of speed.
The +3 dire flail of speed is moderately damaged.
You hit the +1 dire flail of speed.
Okay, then.
You bump into the rock wall.
You bump into the rock wall.
The +3 dire flail of speed hits you! The +1 dire flail of speed hits you!!
You are too confused!
You feel better. The +3 dire flail of speed hits you!
* * * LOW HITPOINT WARNING * * *
The +1 dire flail of speed hits you!
You die...

#.#.......#######
...#.......# #.#
#.......# #.
#.......#
#.......#
#.......##
...##.....#
##.#####..# #
#(@((..#
#.((###..# #.#.
#..... .. #.
#..#### #. #.
...# # ## ##.# .#
##


You could see 5 dancing weapons.

Vanquished Creatures
  Sigmund (D:2)
  4 adders
  A worm (D:2)
  2 dart slugs (D:1)
  5 bats
  8 endoplasms
  4 giant cockroaches
  6 goblins
  3 hobgoblins
  4 jackals (D:1)
  3 kobolds (D:2)
  A quokka (D:1)
  2 ball pythons
  7 frilled lizards
  4 rats
55 creatures vanquished.

Notes
Turn   | Place    | Note
-------+----------+-------------------------------------------
     0 | D:1      | AceOff the Formicid Fighter began the quest for the Orb.
     0 | D:1      | Reached XP level 1. HP: 18/18 MP: 1/1
    46 | D:1      | Reached XP level 2. HP: 24/24 MP: 2/2
   282 | D:1      | Reached XP level 3. HP: 29/29 MP: 3/3
   859 | D:2      | Reached XP level 4. HP: 29/37 MP: 4/4
  1094 | D:2      | Found a white marble altar of Elyvilon.
  1211 | D:2      | Found a faded altar of an unknown god.
  1300 | D:2      | Noticed Sigmund
  1323 | D:2      | Killed Sigmund
  1324 | D:2      | Reached skill level 1 in Dodging
  1324 | D:2      | Reached XP level 5. HP: 17/42 MP: 5/5
  1324 | D:2      | Reached XP level 6. HP: 19/48 MP: 6/6
  1560 | D:2      | Prayed at the altar of an unknown god.
  1560 | D:2      | Became a worshipper of the Wu Jian Council
  1560 | D:2      | Reached * piety under Wu Jian
  1668 | D:2      | Fell from the grace of Wu Jian
  2003 | D:3      | Noticed a +3 dire flail of speed
  2003 | D:3      | Noticed a +0 rapier of freezing
  2003 | D:3      | Noticed a +1 heavy broad axe
  2003 | D:3      | Noticed a +1 dire flail of speed
  2003 | D:3      | Noticed a +1 dire flail of speed
  2006 | D:3      | Slain by a +1 dire flail of speed

Illustrated notes

Levels and vault maps discovered:
D:1:      lightli_arrival_flooded_house, layout_basic
D:2:      minmay_angry_zag, layout_basic, basic_ecumenical_altar, basic_altar,
          uniq_sigmund
D:3:      layout_loops_cross, nicolae_ru_awakened_eye, zin_academy,
          nicolae_gozag_cash_rules_everything_around_me,
          amcnicky_mini_corridor_feature

Skill      XL: |  1  2  3  4 |
---------------+-------------+-----
Armour         | 4 |  4.7
Fighting       | 4 |  4.0
Axes           | 4 |  4.1
Dodging        | 1 |  1.3
Shields        | |  4.8

Action                     |  1- 3 |  4- 6 || total
---------------------------+-------+-------++-------
  Melee: War axe           |    69 |    81 ||   150
 Invoke: Renounce Religion |       |     1 ||     1
Ability: Lunge             |       |     1 ||     1
    Use: Potion            |       |     3 ||     3
 Armour: Scale mail        |    54 |    59 ||   113
  Dodge: Dodged            |    28 |    45 ||    73
  Block: Buckler           |    13 |    32 ||    45

Table legend: (Time is in decaauts)
 A = Elapsed time spent in this place.
 B = Non-inter-level travel time spent in this place.
 C = Inter-level travel time spent in this place.
 D = Time resting spent in this place.
 E = Time spent auto-exploring this place.
 F = Levels seen in this place.
 G = Mean time per level.
                   A        B        C        D        E       F      G
               +--------+--------+--------+--------+--------+-----+--------+
         Total |   2063 |   1900 |    163 |      0 |   1495 |   3 |  687.7 |
       Dungeon |   2063 |   1900 |    163 |      0 |   1495 |   3 |  687.7 |
               +--------+--------+--------+--------+--------+-----+--------+

Top non-repeatable levels by time:
     D:2: 1150 daAuts
     D:1: 798 daAuts
     D:3: 114 daAuts
